 Dungeon Crawl Stone Soup version 0.30.2 (webtiles) character file.

Game seed: 12474857182984544030

719 porpoise the Cleaver (level 7, -13/63 HPs)
             Began as a Hill Orc Fighter on Feb 22, 2024.
             Mangled by a cyclops (18 damage)
             ... on level 7 of the Dungeon.
             The game lasted 00:08:14 (3007 turns).

porpoise the Cleaver (Hill Orc Fighter)             Turns: 3007, Time: 00:08:15

Health: -13/63     AC:  9    Str: 21    XL:     7   Next: 70%
Magic:  7/7        EV:  9    Int:  8    God:
Gold:   213        SH:  5    Dex: 10    Spells: 6/6 levels left

rFire   . . .        a - +1 war axe (spect)
rCold   . . .        c - +0 buckler
rNeg    . . .        b - +0 scale mail
rPois   .            p - +0 helmet
rElec   .            x - +0 cloak
rCorr   .            (no gloves)
SInv    .            (no boots)
Will    .....        (no amulet) Stlth
                     (no ring)
HPRegen 0.30/turn    (no ring)
MPRegen 0.10/turn

%: no passive effects
@: no status effects
A: no striking features
a: no special abilities


You were on level 7 of the Dungeon.
You visited 1 branch of the dungeon, and saw 5 of its levels.
You also visited: Ossuary.

You collected 213 gold pieces.

Inventory:

Hand Weapons
 a - a +1 spectral war axe (weapon)
Missiles
 f - 4 poisoned darts (quivered)
 o - 6 boomerangs
Armour
 b - a +0 scale mail (worn)
 c - a +0 buckler (worn)
 p - a +0 helmet (worn)
 x - a +0 cloak (worn)
Wands
 w - a wand of acid (2)
Scrolls
 i - 2 scrolls of enchant weapon
 j - a scroll of fog
 l - a scroll of vulnerability {unknown}
 n - a scroll of poison {unknown}
 r - 2 scrolls of brand weapon
 s - a scroll of acquirement {unknown}
 v - a scroll of torment {unknown}
Potions
 d - 3 potions of might
 e - a potion of brilliance
 g - 3 potions of curing
 h - a potion of flight
 k - 3 potions of ambrosia
 m - 3 potions of invisibility {unknown}
 q - a potion of mutation {unknown}
 t - 3 potions of heal wounds {unknown}
 u - a potion of haste {unknown}


   Skills:
 + Level 6.0 Fighting
 * Level 8.1 Axes
 - Level 3.2 Armour
 + Level 5.5 Shields


You had 6 spell levels left.
You didn't know any spells.
Your spell library contained the following spells:

 Spells                   Type           Power      Damage    Failure   Level
 Blink                    Tloc           0%         N/A       91%         2
 Lesser Beckoning         Tloc           0%         N/A       91%         2
 Momentum Strike          Conj/Tloc      0%         3d8       91%         2
 Tukima's Dance           Hex            0%         N/A       99%         3
 Passage of Golubria      Tloc           0%         N/A       100%        4
 Yara's Violent Unravell  Hex/Tmut       0%         3d3       100%        5


Dungeon Overview and Level Annotations

Branches:
Dungeon (4/15)             Temple (0/1) D:7         Ossuary (visited)

Altars:
Ashenzari


Message History

The centaur unwields a +0 shortbow.
The centaur hits you. The centaur closely misses you.
The centaur hits you but does no damage.
The centaur completely misses you.
You barely miss the centaur.
Your +1 spectral war axe hits the centaur!
The centaur barely misses you.
The centaur kicks you but does no damage.
You hit the centaur but do no damage.
The centaur is severely wounded.
Your +1 spectral war axe hits the centaur!
You kill the centaur!
The cyclops throws a large rock.
The large rock hits you!
Your Fighting skill increases to level 6!
Your Axes skill increases to level 8!
Found a scroll labelled FUPOKHL MODYFE.
Your +1 spectral war axe disappears.
The cyclops hits you!!
* * * LOW HITPOINT WARNING * * *
You slash the cyclops!
The cyclops is lightly wounded.
Your +1 spectral war axe hits the cyclops.
The cyclops hits you!
* * * LOW HITPOINT WARNING * * *
You feel better.
Your +1 spectral war axe disappears.
You hit the cyclops but do no damage.
The cyclops is moderately wounded.
Your +1 spectral war axe hits the cyclops.
The cyclops closely misses you.
You slash the cyclops!
The cyclops is heavily wounded.
Your +1 spectral war axe hits the cyclops.
The cyclops hits you.
* * * LOW HITPOINT WARNING * * *
You hit the cyclops.
The cyclops is severely wounded.
Your +1 spectral war axe hits the cyclops!
The cyclops hits you!!
You die...

........... ..
..#..⌠...⌠..#.?..
..#.........#. .#
#......>........#
#.#.........#...#
#.#..⌠...⌠..#...#
#.......(..)..#
#.#.....C@..#
#.##.##.##.##
#..........#
############


You could see a cyclops and a friendly +1 spectral war axe.

Vanquished Creatures
  Grinder (D:3)
  Sigmund (D:3)
  A centaur (D:7)
  2 water moccasin zombies (Ossuary)
  2 mummies (Ossuary)
  Robin (D:3)
  4 gnolls (D:4)
  An adder (D:3)
  3 adder zombies (Ossuary)
  8 orcs
  5 bats
  5 endoplasms
  2 giant cockroaches
  4 gnoll zombies (Ossuary)
  12 goblins
  10 hobgoblins
  6 jackals
  2 kobolds
  A quokka (D:1)
  A ball python (D:4)
  6 frilled lizards
  5 hobgoblin zombies (Ossuary)
  5 kobold zombies (Ossuary)
  4 orc zombies (Ossuary)
  3 rats
95 creatures vanquished.

Notes
Turn   | Place    | Note
-------+----------+-------------------------------------------
     0 | D:1      | porpoise the Hill Orc Fighter began the quest for the Orb.
     0 | D:1      | Reached XP level 1. HP: 19/19 MP: 1/1
    96 | D:1      | Found a faded altar of an unknown god.
   145 | D:1      | Reached skill level 3 in Axes
   178 | D:1      | Reached XP level 2. HP: 27/27 MP: 2/2
   547 | D:1      | Reached XP level 3. HP: 33/33 MP: 3/3
   994 | D:2      | Reached skill level 4 in Axes
  1630 | D:3      | Reached XP level 4. HP: 36/40 MP: 4/4
  1769 | D:3      | Found a broken altar of Ashenzari.
  1819 | D:3      | Noticed Robin
  1840 | D:3      | Killed Robin
  1888 | D:3      | Noticed Sigmund
  1897 | D:3      | Killed Sigmund
  1898 | D:3      | Reached skill level 5 in Fighting
  1898 | D:3      | Reached skill level 6 in Axes
  1898 | D:3      | Reached XP level 5. HP: 38/48 MP: 5/5
  1898 | D:3      | Reached XP level 6. HP: 45/56 MP: 6/6
  2225 | D:3      | Noticed Grinder
  2225 | D:3      | Paralysed by Grinder for 4 turns
  2240 | D:3      | Killed Grinder
  2241 | D:3      | Reached skill level 7 in Axes
  2241 | D:3      | Reached skill level 5 in Shields
  2241 | D:3      | Reached XP level 7. HP: 37/61 MP: 7/7
  2704 | D:4      | Found a sand-covered staircase.
  2709 | Ossuary  | Entered an ossuary
  2986 | D:4      | You fall into a shaft and drop 3 floors!
  2987 | D:7      | Noticed a cyclops
  2990 | D:7      | Found a staircase to the Ecumenical Temple.
  3002 | D:7      | Reached skill level 8 in Axes
  3003 | D:7      | HP: 1/63 [cyclops (9)]
  3007 | D:7      | Mangled by a cyclops

Illustrated notes

Levels and vault maps discovered:
D:1:      pf_arrival_petrified_forest, layout_basic,
          ebering_ecumenical_altar_petrified
D:2:      layout_rooms
D:3:      layout_basic, nicolae_ashenzari_skybound, uniq_robin, uniq_sigmund,
          uniq_grinder
D:4:      layout_loops_ring, tso_metal_star, nicolae_ru_awakened_eye,
          enter_ossuary_2
D:7:      layout_basic, minmay_temple_entry_large_hall, serial_glass,
          glass_columns_b, glass_columns_b, feat_on_display, uniq_joseph,
          uniq_crazy_yiuf_cottage

Skill      XL: |  1  2  3  4  5  6  7 |
---------------+----------------------+-----
Axes           | 3 4 6 7 8 |  8.1
Fighting       | 4 5 6 |  6.0
Shields        | 4 5 |  5.5
Armour         | |  3.2

Action                     |  1- 3 |  4- 6 |  7- 9 || total
---------------------------+-------+-------+-------++-------
  Melee: War axe           |   122 |    59 |    72 ||   253
    Use: Potion            |       |     1 |     1 ||     2
         Scroll            |       |       |     9 ||     9
   Stab: Distracted        |       |       |     1 ||     1
 Armour: Scale mail        |    67 |    17 |    25 ||   109
  Dodge: Dodged            |    61 |    24 |    24 ||   109
  Block: Buckler           |    25 |    12 |    14 ||    51
